 Dungeon Crawl Stone Soup version 0.23.2-1-ga50397a6bc (webtiles) character file.

Game seed: 6675563143056875893

491 Kagerus the Poker (level 7, -9/57 HPs)
             Began as a Hill Orc Monk on May 1, 2019.
             Was a Believer of Beogh.
             Mangled by an orc warrior
             ... wielding a +0 scimitar
              (15 damage)
             ... on level 6 of the Dungeon.
             The game lasted 00:31:11 (5928 turns).

Kagerus the Poker (Hill Orc Monk)                   Turns: 5928, Time: 00:31:12

Health: -9/57      AC:  9    Str: 16    XL:     7   Next: 14%
Magic:  7/7        EV:  9    Int: 10    God:    Beogh [**....]
Gold:   255        SH:  9    Dex: 13    Spells: 6/6 levels left

rFire    . . .     SeeInvis .   s - +0 trident
rCold    . . .     Gourm    .   l - +0 shield
rNeg     . . .     Faith    .   e - +0 ring mail
rPois    +         Spirit   .   (no helmet)
rElec    .         Reflect  .   k - +0 cloak
rCorr    .         Harm     .   (no gloves)
MR       .....                  q - +1 pair of boots
Stlth    +.........             (no amulet)
HPRegen  0.19/turn              m - ring of poison resistance
MPRegen  0.10/turn              (no ring)

@: no status effects
A: no striking features
a: Smiting, Renounce Religion


You were on level 6 of the Dungeon.
You worshipped Beogh.
Beogh was pleased with you.
You were hungry.

You visited 2 branches of the dungeon, and saw 7 of its levels.

You collected 255 gold pieces.

Inventory:

Hand Weapons
 s - a +0 trident (weapon)
Missiles
 b - 48 sling bullets
 g - 3 curare-tipped needles
Armour
 e - a +0 ring mail (worn)
 k - a +0 cloak (worn)
 l - a +0 shield (worn)
 q - a +1 pair of boots (worn)
Jewellery
 m - a ring of poison resistance (left hand)
 r - a cursed ring of teleportation {unknown}
Scrolls
 a - a scroll of fear
 d - 4 scrolls of remove curse
 f - 5 scrolls of identify {unknown}
 h - 2 scrolls of enchant armour {unknown}
 j - 2 scrolls of magic mapping {unknown}
 n - a scroll of blinking {unknown}
 o - a scroll of random uselessness {unknown}
Potions
 i - a potion of heal wounds {unknown}
 p - 3 potions of curing
Comestibles
 c - 9 rations


   Skills:
 - Level 3.6 Fighting
 + Level 6.1 Polearms
 + Level 4.7 Armour
 - Level 2.4 Dodging
 - Level 1.5 Stealth
 - Level 3.1 Shields


You had 6 spell levels left.
You didn't know any spells.
Your spell library was empty.

Dungeon Overview and Level Annotations

Branches:
Dungeon (6/15)             Temple (1/1) D:5

Altars:
Ashenzari
Cheibriados
Dithmenos
Elyvilon
Fedhas
Gozag
Hepliaklqana
Kikubaaqudgha
Makhleb
Nemelex Xobeh
Okawaru
Qazlal
Ru
Sif Muna
Trog
Uskayaw
Vehumet
Wu Jian
Xom
Yredelemnul
Zin
The Shining One


Message History

Press: ? - help, Dir - move target cursor, f/p - orc warrior
Aim: an orc warrior, wielding a +0 scimitar and wearing a +0 chain mail (heavily wounded)
You hit the orc warrior.
The orc warrior is severely wounded.
The orc warrior barely misses you.
Attack whom?
Press: ? - help, Dir - move target cursor, f/p - orc warrior
Aim: an orc warrior, wielding a +0 scimitar and wearing a +0 chain mail (severely wounded)
You hit the orc warrior but do no damage.
The orc warrior is severely wounded.
The orc warrior hits you with a +0 scimitar!!
* * * LOW HITPOINT WARNING * * *
Attack whom?
Press: ? - help, Dir - move target cursor, f/p - orc warrior
Aim: an orc warrior, wielding a +0 scimitar and wearing a +0 chain mail (severely wounded)
You hit the orc warrior.
The orc warrior is severely wounded.
The orc warrior hits you with a +0 scimitar!
You die...
Beogh appreciates the orc warrior's killing of a heretic priest.

# ###.
#...######
.........###
#..[...o...#
####.......#
#........#
#...o@...#
#.###.o.##
#. #...# .
#...#
######.).#
.......<##
........#
........#
........#


You could see an orc warrior and 2 neutral orcs.

Vanquished Creatures
  An ogre (D:4)
  A centaur (D:5)
  2 scorpions
  A hound (D:4)
  2 orc wizards
  3 adders
  A shadow imp (D:5)
  3 oozes
  2 worms
  A dart slug (D:2)
  3 leopard geckos
  11 orcs
  5 giant cockroaches
  8 goblins
  9 hobgoblins
  6 jackals
  A quokka (D:2)
  A ball python (D:3)
  4 bats (D:3)
  5 frilled lizards
  7 kobolds
  11 rats
88 creatures vanquished.

Vanquished Creatures (others)
  Sigmund (D:2)
  An orc priest (D:6)
  A kobold (D:2)
3 creatures vanquished.

Grand Total: 91 creatures vanquished

Notes
Turn   | Place    | Note
-------+----------+-------------------------------------------
     0 | D:1      | Kagerus the Hill Orc Monk began the quest for the Orb.
     0 | D:1      | Reached XP level 1. HP: 19/19 MP: 1/1
   258 | D:1      | Reached XP level 2. HP: 26/26 MP: 2/2
   276 | D:1      | Reached skill level 1 in Armour
   429 | D:1      | Reached skill level 4 in Polearms
   791 | D:2      | Reached XP level 3. HP: 31/31 MP: 3/3
   897 | D:2      | Noticed Sigmund
  1214 | D:2      | Found a bloodstained altar of Trog.
  1240 | D:2      | Found a deep blue altar of Sif Muna.
  1344 | D:2      | Reached skill level 1 in Shields
  1605 | D:2      | Killed Sigmund
  1610 | D:2      | Reached XP level 4. HP: 18/39 MP: 4/4
  1951 | D:2      | Found a radiant altar of Vehumet.
  2794 | D:3      | Reached XP level 5. HP: 23/45 MP: 5/5
  3179 | D:3      | Found a white marble altar of Elyvilon.
  3179 | D:3      | Found a stormy altar of Qazlal.
  3180 | D:3      | Found a burning altar of Makhleb.
  3180 | D:3      | Found a shimmering altar of Xom.
  3180 | D:3      | Found a hide-covered altar of Uskayaw.
  3180 | D:3      | Found a sacrificial altar of Ru.
  3180 | D:3      | Found a snail-covered altar of Cheibriados.
  3516 | D:4      | Noticed an ogre
  3827 | D:4      | Reached skill level 5 in Polearms
  3834 | D:4      | Noticed an ogre
  4044 | D:5      | Entered Level 5 of the Dungeon
  4050 | D:5      | Reached XP level 6. HP: 25/51 MP: 6/6
  4330 | D:5      | Found a staircase to the Ecumenical Temple.
  4339 | Temple   | Entered the Ecumenical Temple
  4905 | D:4      | Found a basalt altar of Yredelemnul.
  4905 | D:4      | Found a sparkling altar of Nemelex Xobeh.
  4910 | D:4      | Found an opulent altar of Gozag.
  4912 | D:4      | Found a faded altar of an unknown god.
  4913 | D:4      | Found a shadowy altar of Dithmenos.
  5596 | D:5      | Reached skill level 6 in Polearms
  5596 | D:5      | Reached XP level 7. HP: 53/57 MP: 7/7
  5909 | D:6      | Became a worshipper of Beogh the Brigand
  5909 | D:6      | Reached * piety under Beogh
  5909 | D:6      | Reached ** piety under Beogh
  5928 | D:6      | Mangled by an orc warrior

Skill      XL: |  1  2  3  4  5  6 |
---------------+-------------------+-----
Armour         | 1 2 3 4 |  4.7
Polearms       | 4 5 6 |  6.1
Shields        | 1 2 3 |  3.1
Fighting       | |  3.6
Dodging        | |  2.4
Stealth        | |  1.5

Action                   |  1- 3 |  4- 6 |  7- 9 || total
-------------------------+-------+-------+-------++-------
Melee: Spear             |   198 |   232 |       ||   430
       Trident           |       |    41 |    26 ||    67
Invok: Convert to Beogh  |       |       |     1 ||     1
  Use: Scroll            |     3 |       |       ||     3
       Potion            |     2 |     4 |       ||     6
 Stab: Sleeping          |     3 |     1 |       ||     4
  Eat: Chunk             |     2 |     9 |     1 ||    12
       Ration            |       |     1 |       ||     1
Armor: Ring mail         |    52 |    91 |     2 ||   145
       Robe              |     1 |       |       ||     1
Dodge: Dodged            |    65 |    76 |     7 ||   148
Block: Shield            |    39 |    94 |    10 ||   143
